HS
AMERICAN HERITAGE HS PATRIOTS @ STONEMAN DOUGLAS HS EAGLES
02/29/2060
 
TOP OF THE 1ST
American Heritage HS Patriots batting - Pitching for Stoneman Douglas HS Eagles : RHP Trevor Pollack
Pitching: RHP Trevor Pollack
Batting: RHB Avery Pelham 0-0: Ground out 1-3 (Groundball, 34S, EV 68.8 MPH)
Batting: RHB Randy Connor 0-0: Foul Ball, location: 2F
0-1: Ball
1-1: SINGLE (Line Drive, 9S, EV 97.5 MPH)
Batting: LHB Seth Riddle 0-0: Swinging Strike
Randy Connor is caught stealing 2nd base 2-6
0-1: Ball
1-1: SOLO HOME RUN (Flyball, 9D, EV 100.0 MPH), Distance : 390 ft
Batting: RHB Colton Corbett 0-0: Called Strike
0-1: Called Strike
0-2: Ball
1-2: Strikes out swinging
Top of the 1st over - 1 run, 2 hits, 0 errors, 0 left on base; American Heritage HS 1 - Stoneman Douglas HS 0
BOTTOM OF THE 1ST
Stoneman Douglas HS Eagles batting - Pitching for American Heritage HS Patriots : RHP Triston Garner
Pitching: RHP Triston Garner
Batting: RHB Chris Reeves 0-0: Ball
1-0: Swinging Strike
1-1: Ball
2-1: Fly out, F9 (Flyball, 89D, EV 104.4 MPH)
Batting: LHB Sylvester Todd 0-0: Foul Ball, location: 2F
0-1: Ball
1-1: Fly out, F7 (Flyball, 7LM, EV 105.0 MPH)
Batting: RHB Devyn Glover 0-0: Called Strike
0-1: SINGLE (Groundball, 56, EV 106.9 MPH) (infield hit)
Batting: LHB Winston Ballard 0-0: Ball
1-0: Ball
2-0: Foul Ball, location: 2F
2-1: Foul Ball, location: 2F
2-2: Ball
3-2: Fly out, F8 (Flyball, 8LD, EV 83.1 MPH)
Bottom of the 1st over - 0 runs, 1 hit, 0 errors, 1 left on base; American Heritage HS 1 - Stoneman Douglas HS 0
TOP OF THE 2ND
American Heritage HS Patriots batting - Pitching for Stoneman Douglas HS Eagles : RHP Trevor Pollack
Batting: LHB Johnathon Moore 0-0: Swinging Strike
0-1: Foul Ball, location: 2F
0-2: Fly out, F5 (Popup, 5F, EV 58.1 MPH)
Batting: LHB Drew Kelly 0-0: Called Strike
0-1: Ball
1-1: Ground out 3-1 (Groundball, 34, EV 78.1 MPH)
Batting: LHB Bradley Rossi 0-0: Foul Ball, location: 2F
0-1: Fly out, F9 (Flyball, 9S, EV 75.6 MPH)
Top of the 2nd over - 0 runs, 0 hits, 0 errors, 0 left on base; American Heritage HS 1 - Stoneman Douglas HS 0
BOTTOM OF THE 2ND
Stoneman Douglas HS Eagles batting - Pitching for American Heritage HS Patriots : RHP Triston Garner
Batting: LHB Shawn Russell 0-0: Ball
1-0: Called Strike
1-1: Ball
2-1: Ball
3-1: Swinging Strike
3-2: Base on Balls
Batting: RHB Rayshaun Chen 0-0: Ball
1-0: Called Strike
1-1: Called Strike
1-2: Ball
2-2: Ground out 5-3 (Groundball, 56S, EV 70.6 MPH)
Shawn Russell to second
Batting: RHB Derek Williams 0-0: Foul Ball, location: 2F
0-1: Swinging Strike
0-2: Ball
1-2: Ball
2-2: Ground out 6-3 (Groundball, 56, EV 104.4 MPH)
Batting: RHB Morgan Beierschmitt 0-0: Foul Ball, location: 2F
0-1: Foul Ball, location: 2F
0-2: Foul Ball, location: 5F, Error on foul ball, E5
0-2: Ball
1-2: Ground out 5-3 (Groundball, 5L, EV 103.8 MPH)
Bottom of the 2nd over - 0 runs, 0 hits, 1 error, 1 left on base; American Heritage HS 1 - Stoneman Douglas HS 0
TOP OF THE 3RD
American Heritage HS Patriots batting - Pitching for Stoneman Douglas HS Eagles : RHP Trevor Pollack
Batting: RHB Seth Cole 0-0: Ball
1-0: Ball
2-0: Fly out, F9 (Flyball, 9, EV 88.8 MPH)
Batting: RHB Jeremy Lentz 0-0: Ball
1-0: Called Strike
1-1: Called Strike
1-2: Strikes out swinging
Batting: RHB Avery Pelham 0-0: Swinging Strike
0-1: Swinging Strike
0-2: Ball
1-2: Strikes out swinging
Top of the 3rd over - 0 runs, 0 hits, 0 errors, 0 left on base; American Heritage HS 1 - Stoneman Douglas HS 0
BOTTOM OF THE 3RD
Stoneman Douglas HS Eagles batting - Pitching for American Heritage HS Patriots : RHP Triston Garner
Batting: RHB Kyle Broadnax 0-0: Ball
1-0: Fly out, F4 (Line Drive, 4, EV 71.2 MPH)
Batting: RHB Chris Reeves 0-0: Called Strike
0-1: Ball
1-1: Ball
2-1: Ball
3-1: Base on Balls
Batting: LHB Sylvester Todd 0-0: Ball
Chris Reeves steals 2nd base
1-0: Ball
Chris Reeves is caught stealing 3rd base 2-5
2-0: Called Strike
2-1: Fly out, F8 (Flyball, 8RD, EV 98.8 MPH)
Bottom of the 3rd over - 0 runs, 0 hits, 0 errors, 0 left on base; American Heritage HS 1 - Stoneman Douglas HS 0
TOP OF THE 4TH
American Heritage HS Patriots batting - Pitching for Stoneman Douglas HS Eagles : RHP Trevor Pollack
Batting: RHB Randy Connor 0-0: Ball
1-0: Ground out 6-3 (Groundball, 6, EV 83.1 MPH)
Batting: LHB Seth Riddle 0-0: Swinging Strike
0-1: Ball
1-1: Ball
2-1: Ball
3-1: Fly out, F7 (Line Drive, 7D, EV 90.6 MPH)
Batting: RHB Colton Corbett 0-0: Foul Ball, location: 2F
0-1: Ball
1-1: Ball
2-1: SOLO HOME RUN (Flyball, 78XD, EV 108.1 MPH), Distance : 449 ft
Batting: LHB Johnathon Moore 0-0: Called Strike
0-1: SOLO HOME RUN (Line Drive, 7D, EV 106.9 MPH), Distance : 407 ft
Batting: LHB Drew Kelly 0-0: Ball
1-0: Called Strike
1-1: Ball
2-1: Swinging Strike
2-2: Foul Ball, location: 2F
2-2: Strikes out swinging
Top of the 4th over - 2 runs, 2 hits, 0 errors, 0 left on base; American Heritage HS 3 - Stoneman Douglas HS 0
BOTTOM OF THE 4TH
Stoneman Douglas HS Eagles batting - Pitching for American Heritage HS Patriots : RHP Triston Garner
Batting: RHB Devyn Glover 0-0: Ball
1-0: Swinging Strike
1-1: SINGLE (Groundball, 34S, EV 92.5 MPH) (infield hit)
Batting: LHB Winston Ballard 0-0: Foul Ball, location: 2F
0-1: Swinging Strike
0-2: Foul Ball, location: 2F
0-2: Foul Ball, location: 2F
0-2: Ball
1-2: Foul Ball, location: 2F
1-2: Strikes out swinging
Batting: LHB Shawn Russell 0-0: Called Strike
0-1: SINGLE (Groundball, 4MD, EV 101.2 MPH)
Devyn Glover to second
Batting: RHB Rayshaun Chen 0-0: SINGLE (Flyball, 8RS, EV 96.9 MPH)
Devyn Glover to third
Shawn Russell to second
Batting: RHB Derek Williams 0-0: Foul Ball, location: 2F
0-1: Foul Ball, location: 2F
0-2: Strikes out looking
Batting: RHB Morgan Beierschmitt 0-0: Ball
1-0: Called Strike
1-1: Swinging Strike
1-2: Ball
2-2: GRAND SLAM HOME RUN (Flyball, 78XD, EV 111.9 MPH), Distance : 431 ft
Batting: RHB Kyle Broadnax 0-0: Called Strike
0-1: DOUBLE (Groundball, 5L, EV 105.6 MPH)
Batting: RHB Chris Reeves 0-0: Called Strike
0-1: Ball
1-1: DOUBLE (Line Drive, 3D, EV 94.4 MPH)
Kyle Broadnax scores
Pitching: RHP A.J. Imhoff
Batting: LHB Sylvester Todd 0-0: Ball
1-0: Ball
2-0: Called Strike
2-1: Ball
3-1: Fly out, F9 (Flyball, 9, EV 89.4 MPH)
Bottom of the 4th over - 5 runs, 6 hits, 0 errors, 1 left on base; American Heritage HS 3 - Stoneman Douglas HS 5
TOP OF THE 5TH
American Heritage HS Patriots batting - Pitching for Stoneman Douglas HS Eagles : RHP Trevor Pollack
Batting: LHB Bradley Rossi 0-0: Ball
1-0: Ball
2-0: Called Strike
2-1: Swinging Strike
2-2: Strikes out swinging
Batting: RHB Seth Cole 0-0: Ball
1-0: Foul Ball, location: 2F
1-1: Ball
2-1: Ball
3-1: Base on Balls
Batting: RHB Jeremy Lentz 0-0: Called Strike
0-1: Foul Ball, location: 2F
0-2: Strikes out swinging
Batting: RHB Avery Pelham 0-0: Called Strike
0-1: Ball
1-1: Fly out, F7 (Flyball, 78D, EV 92.5 MPH)
Top of the 5th over - 0 runs, 0 hits, 0 errors, 1 left on base; American Heritage HS 3 - Stoneman Douglas HS 5
BOTTOM OF THE 5TH
Stoneman Douglas HS Eagles batting - Pitching for American Heritage HS Patriots : RHP A.J. Imhoff
Batting: RHB Devyn Glover 0-0: Ball
1-0: Fly out, F9 (Flyball, 9, EV 90.6 MPH)
Batting: LHB Winston Ballard 0-0: Ground out 4-3 (Groundball, 4, EV 81.2 MPH)
Batting: LHB Shawn Russell 0-0: Called Strike
0-1: Fly out, F8 (Line Drive, 8RM, EV 93.1 MPH)
Bottom of the 5th over - 0 runs, 0 hits, 0 errors, 0 left on base; American Heritage HS 3 - Stoneman Douglas HS 5
TOP OF THE 6TH
American Heritage HS Patriots batting - Pitching for Stoneman Douglas HS Eagles : RHP Trevor Pollack
Batting: RHB Randy Connor 0-0: Called Strike
0-1: Called Strike
0-2: Foul Ball, location: 2F
0-2: SINGLE (Line Drive, 89S, EV 94.4 MPH)
Batting: LHB Seth Riddle 0-0: Ball
1-0: Ball
2-0: Ball
3-0: Called Strike
3-1: Grounds into double play, 4-6-3 (Groundball, 4, EV 91.2 MPH)
Batting: RHB Colton Corbett 0-0: Fly out, F8 (Line Drive, 78M, EV 110.0 MPH)
Top of the 6th over - 0 runs, 1 hit, 0 errors, 0 left on base; American Heritage HS 3 - Stoneman Douglas HS 5
BOTTOM OF THE 6TH
Stoneman Douglas HS Eagles batting - Pitching for American Heritage HS Patriots : RHP A.J. Imhoff
Batting: RHB Rayshaun Chen 0-0: Foul Ball, location: 2F
0-1: Ball
1-1: Ball
2-1: Foul Ball, location: 2F
2-2: Ground out 4-3 (Groundball, 34, EV 86.2 MPH)
Batting: RHB Derek Williams 0-0: Ball
1-0: Foul Ball, location: 2F
1-1: Ball
2-1: Swinging Strike
2-2: Foul Ball, location: 2F
2-2: Fly out, F7 (Flyball, 7D, EV 97.5 MPH)
Batting: RHB Morgan Beierschmitt 0-0: Ball
1-0: Ball
2-0: Called Strike
2-1: Foul Ball, location: 2F
2-2: Ball
3-2: Base on Balls
Batting: RHB Kyle Broadnax 0-0: Ball
1-0: Ball
2-0: Fly out, F7 (Flyball, 78S, EV 84.4 MPH)
Bottom of the 6th over - 0 runs, 0 hits, 0 errors, 1 left on base; American Heritage HS 3 - Stoneman Douglas HS 5
TOP OF THE 7TH
American Heritage HS Patriots batting - Pitching for Stoneman Douglas HS Eagles : RHP Trevor Pollack
Pitching: RHP Bennet Hokuaonani
Batting: LHB Johnathon Moore 0-0: Swinging Strike
0-1: Called Strike
0-2: Ball
1-2: Ball
2-2: Foul Ball, location: 2F
2-2: Strikes out looking
Batting: LHB Drew Kelly 0-0: Called Strike
0-1: Ball
1-1: Ball
2-1: Foul Ball, location: 2F
2-2: Strikes out swinging
Batting: LHB Bradley Rossi 0-0: Called Strike
0-1: Foul Ball, location: 2F
0-2: Ball
1-2: Ground out 6-3 (Groundball, 6M, EV 101.2 MPH)
Top of the 7th over - 0 runs, 0 hits, 0 errors, 0 left on base; American Heritage HS 3 - Stoneman Douglas HS 5
BOTTOM OF THE 7TH
Stoneman Douglas HS Eagles batting - Pitching for American Heritage HS Patriots : RHP A.J. Imhoff
Batting: RHB Chris Reeves 0-0: Called Strike
0-1: Foul Ball, location: 2F
0-2: Strikes out looking
Batting: LHB Sylvester Todd 0-0: Foul Ball, location: 2F
0-1: Ball
1-1: Swinging Strike
1-2: Foul Ball, location: 2F
1-2: Strikes out swinging
Batting: RHB Devyn Glover 0-0: Ball
1-0: Called Strike
1-1: Ground out 5-3 (Groundball, 15, EV 94.4 MPH)
Bottom of the 7th over - 0 runs, 0 hits, 0 errors, 0 left on base; American Heritage HS 3 - Stoneman Douglas HS 5
TOP OF THE 8TH
American Heritage HS Patriots batting - Pitching for Stoneman Douglas HS Eagles : RHP Bennet Hokuaonani
Pinch Hitting: RHB Teaghan Munoz 0-0: Ball
1-0: Ground out 4-3 (Groundball, 4S, EV 75.6 MPH)
Pinch Hitting: RHB Mark Broomhall 0-0: Called Strike
0-1: Ball
1-1: Called Strike
1-2: Ball
2-2: Fly out, F8 (Flyball, 8RM, EV 84.4 MPH)
Batting: RHB Avery Pelham 0-0: Called Strike
0-1: Ball
1-1: Foul Ball, location: 2F
1-2: Strikes out swinging
Top of the 8th over - 0 runs, 0 hits, 0 errors, 0 left on base; American Heritage HS 3 - Stoneman Douglas HS 5
BOTTOM OF THE 8TH
Stoneman Douglas HS Eagles batting - Pitching for American Heritage HS Patriots : RHP A.J. Imhoff
Now at 2B: Mark Broomhall
Now at 3B: Teaghan Munoz
Batting: LHB Winston Ballard 0-0: Ball
1-0: Ball
2-0: Ball
3-0: Called Strike
3-1: Base on Balls
Batting: LHB Shawn Russell 0-0: Ball
1-0: Ball
2-0: Called Strike
2-1: Called Strike
2-2: Foul Ball, location: 2F
2-2: Fly out, F4 (Popup, 34D, EV 51.9 MPH)
Batting: RHB Rayshaun Chen 0-0: Ball
1-0: SINGLE (Line Drive, 89S, EV 94.4 MPH)
Winston Ballard to second
Runner from 2nd tries for 3rd, OUT! 9-5
Batting: RHB Derek Williams 0-0: Swinging Strike
0-1: Foul Ball, location: 2F
0-2: Ball
1-2: Foul Ball, location: 2F
1-2: Foul Ball, location: 2F
1-2: Fly out, F9 (Flyball, 9, EV 93.8 MPH)
Bottom of the 8th over - 0 runs, 1 hit, 0 errors, 1 left on base; American Heritage HS 3 - Stoneman Douglas HS 5
TOP OF THE 9TH
American Heritage HS Patriots batting - Pitching for Stoneman Douglas HS Eagles : RHP Bennet Hokuaonani
Pitching: LHP Seamus Hart
Batting: RHB Randy Connor 0-0: Ball
1-0: Ball
2-0: Called Strike
2-1: Ball
3-1: Foul Ball, location: 2F
3-2: SINGLE (Flyball, 7S, EV 86.2 MPH)
Batting: LHB Seth Riddle 0-0: Ball
1-0: Fly out, F5 (Line Drive, 5, EV 71.9 MPH)
Batting: RHB Colton Corbett 0-0: 2-RUN HOME RUN (Flyball, 7D, EV 105.0 MPH), Distance : 402 ft
Batting: LHB Johnathon Moore 0-0: SINGLE (Flyball, 5D, EV 91.2 MPH)
Pinch Hitting: RHB Geoffrey Martinez 0-0: Ball
1-0: Grounds into double play, 6-4-3 (Groundball, 6, EV 80.6 MPH)
Top of the 9th over - 2 runs, 3 hits, 0 errors, 0 left on base; American Heritage HS 5 - Stoneman Douglas HS 5
BOTTOM OF THE 9TH
Stoneman Douglas HS Eagles batting - Pitching for American Heritage HS Patriots : RHP A.J. Imhoff
Pitching: RHP Marvin Shope
Now in LF: Landon Headings
Batting: RHB Morgan Beierschmitt 0-0: Foul Ball, location: 2F
0-1: SINGLE (Groundball, P, EV 80.0 MPH) (infield hit)
Pinch Hitting: RHB Lukas Waters 0-0: Called Strike
0-1: Called Strike
0-2: Ball
1-2: Strikes out swinging
Batting: RHB Chris Reeves 0-0: Called Strike
0-1: Called Strike
0-2: Fly out, F4 (Line Drive, 4M, EV 71.2 MPH)
Batting: LHB Sylvester Todd 0-0: Foul Ball, location: 2F
0-1: Foul Ball, location: 2F
0-2: Foul Ball, location: 2F
0-2: Ball
1-2: Fly out, F9 (Flyball, 9LSF, EV 90.0 MPH)
Bottom of the 9th over - 0 runs, 1 hit, 0 errors, 1 left on base; American Heritage HS 5 - Stoneman Douglas HS 5
TOP OF THE 10TH
American Heritage HS Patriots batting - Pitching for Stoneman Douglas HS Eagles : LHP Seamus Hart
Pitching: RHP Jarrod Santiago
Now at 2B: Clark Foster
Batting: LHB Bradley Rossi 0-0: Ball
1-0: Called Strike
1-1: Ball
2-1: Ground out 4-3 (Groundball, 4, EV 106.9 MPH)
Batting: RHB Teaghan Munoz 0-0: Called Strike
0-1: Ball
1-1: Ball
2-1: Ground out 6-3 (Groundball, 6, EV 83.8 MPH)
Batting: RHB Mark Broomhall 0-0: Called Strike
0-1: Ball
1-1: SINGLE (Line Drive, 4MD, EV 96.9 MPH)
Batting: RHB Avery Pelham 0-0: Ball
Mark Broomhall steals 2nd base
1-0: Intentional Walk
Batting: RHB Randy Connor 0-0: Ball
1-0: Foul Ball, location: 2F
1-1: Ball
2-1: Swinging Strike
2-2: SINGLE (Groundball, 34D, EV 103.1 MPH)
Mark Broomhall to third
Avery Pelham to second
Runner from 3rd tries for Home, SAFE, throw by RF to home
Batting: LHB Seth Riddle 0-0: Ball
1-0: Foul Ball, location: 2F
1-1: Ball
2-1: Ground out 4-3 (Groundball, 4, EV 105.6 MPH)
Top of the 10th over - 1 run, 2 hits, 0 errors, 2 left on base; American Heritage HS 6 - Stoneman Douglas HS 5
BOTTOM OF THE 10TH
Stoneman Douglas HS Eagles batting - Pitching for American Heritage HS Patriots : RHP Marvin Shope
Pitching: RHP Kylen Sutton
Batting: RHB Devyn Glover 0-0: Called Strike
0-1: Ball
1-1: Called Strike
1-2: Strikes out swinging
Batting: LHB Winston Ballard 0-0: Called Strike
0-1: Ball
1-1: Called Strike
1-2: Strikes out swinging
Batting: LHB Shawn Russell 0-0: DOUBLE (Flyball, 8RXD, EV 95.6 MPH)
Batting: RHB Rayshaun Chen 0-0: Ball
1-0: Ball
2-0: Ball
3-0: Base on Balls
Pinch Hitting: LHB Blake Barfield 0-0: Called Strike
0-1: Ball
Wild Pitch!
Shawn Russell to third
Rayshaun Chen to second
1-1: Ball
2-1: Called Strike
2-2: 3-RUN HOME RUN (Flyball, 9D, EV 98.8 MPH), Distance : 389 ft
Bottom of the 10th over - 3 runs, 2 hits, 0 errors, 0 left on base; American Heritage HS 6 - Stoneman Douglas HS 8
Tuesday, April 16th , 2024 - OOTP Baseball 23.10 Build 110